 Dungeon Crawl Stone Soup version 0.23-a0-642-g3120c2f (webtiles) character file.

214 Borgoz the Skirmisher (level 5, -1/73 HPs)
             Began as a Minotaur Abyssal Knight on Dec 30, 2018.
             Was a Believer of Lugonu.
             Killed by divine providence
             ... invoked by an orc priest
              (12 damage)
             ... on level 3 of the Dungeon.
             The game lasted 00:03:03 (1475 turns).

Borgoz the Skirmisher (Minotaur Abyssal Knight)     Turns: 1475, Time: 00:03:04

Health: -1/73      AC: 22    Str: 17    XL:     5   Next: 60%
Magic:  5/5        EV:  2    Int:  9    God:    Lugonu [**....]
Gold:   118        SH:  0    Dex: 10    Spells: 4/4 levels left

rFire    . . .     SeeInvis .   a - +1 hand axe
rCold    . . .     Gourm    .   (no shield)
rNeg     + + +     Faith    .   (armour currently unavailable)
rPois    +         Spirit   .   (helmet currently unavailable)
rElec    .         Reflect  .   (cloak currently unavailable)
rCorr    .         Harm     .   (gloves currently unavailable)
MR       .....     NoTele   +   (boots currently unavailable)
Stlth    +.........             o - amulet of inaccuracy (curse)
HPRegen  0.22/turn              (no ring)
MPRegen  0.09/turn              (no ring)

@: tree-form
A: (retaliatory headbutt)
a: Depart the Abyss, Bend Space, Renounce Religion


You were on level 3 of the Dungeon.
You worshipped Lugonu.
Lugonu was pleased with you.
You were not hungry.
You were a tree.
You visited 1 branch of the dungeon, and saw 3 of its levels.
You visited the Abyss 1 time.

You collected 118 gold pieces.

Inventory:

Hand Weapons
 a - a +1 hand axe (weapon)
Armour
 n - a +1 scale mail (melded)
Jewellery
 o - a cursed amulet of inaccuracy (around neck)
Scrolls
 g - 2 scrolls of teleportation
 k - a scroll of fog
Potions
 d - a potion of flight
 h - a potion of curing {unknown}
 i - a potion of agility {unknown}
 j - a potion of ambrosia {unknown}
 m - a potion of might {unknown}
 p - 2 potions of haste {unknown}
Comestibles
 b - 3 chunks of flesh
 c - 3 rations


   Skills:
 + Level 5.6 Fighting
 + Level 4.1 Axes
 + Level 3.6 Armour
 + Level 2.0 Dodging
 + Level 2.3 Invocations


You had 4 spell levels left.
You didn't know any spells.
Your spell library was empty.

Dungeon Overview and Level Annotations

Branches:
Dungeon (3/15)

Altars:
Kikubaaqudgha
Yredelemnul
Zin


Innate Abilities, Weirdness & Mutations

((You reflexively headbutt those who attack you in melee.))
((You have a pair of horns on your head.))


Message History

The dart slug is moderately wounded.
The dart slug bites you but does no damage.
The orc priest calls down the wrath of Beogh upon you.
Beogh smites you!
* * * LOW HITPOINT WARNING * * *
You hit the dart slug.
The dart slug is severely wounded.
The dart slug bites you but does no damage.
You hit the dart slug.
You kill the dart slug!
Lugonu accepts your kill.
You hit the kobold but do no damage.
The kobold hits you but does no damage. x2
You barely miss the kobold. The kobold hits you but does no damage.
You miss the kobold. The kobold hits you but does no damage.
You hit the kobold.
You kill the kobold!
Lugonu accepts your kill.
The orc priest invokes the aid of Beogh against you.
Beogh smites you!
You die... .........## .........# ....<...# ....... ..... woo

#)# ##♣# #..#.# #. #.##.#
#. #.# .# #.##.##.
#.#.>#.. .. #.#.##.##.#
#.#.##.##.#####
#.#########...##÷##.....#


You could see a worm, an orc priest and an orc.

Vanquished Creatures
  Sigmund (D:2)
  An adder (D:2)
  3 dart slugs
  2 leopard geckos
  2 orcs (D:3)
  4 bats
  3 giant cockroaches
  5 goblins (D:1)
  11 hobgoblins
  2 ball pythons
  2 frilled lizards (D:1)
  5 kobolds
  5 rats
  A spectral orc (D:2)
47 creatures vanquished.

Notes
Turn   | Place    | Note
-------+----------+-------------------------------------------
     0 | Abyss:1  | Borgoz the Minotaur Abyssal Knight began the quest for the
                  | Orb.
     0 | Abyss:1  | Reached XP level 1. HP: 19/19 MP: 1/1
    69 | Abyss:1  | Noticed a wretched star
    69 | D:1      | Escaped the Abyss
   163 | D:1      | Reached XP level 2. HP: 27/27 MP: 2/2
   166 | D:1      | Reached * piety under Lugonu
   166 | D:1      | Reached skill level 4 in Fighting
   534 | D:1      | Reached XP level 3. HP: 20/34 MP: 3/3
   873 | D:2      | Noticed Sigmund
   889 | D:2      | Killed Sigmund
   889 | D:2      | Reached skill level 5 in Fighting
   889 | D:2      | Reached XP level 4. HP: 18/42 MP: 4/4
   889 | D:2      | Reached XP level 5. HP: 20/48 MP: 5/5
  1065 | D:2      | Found an ancient bone altar of Kikubaaqudgha.
  1114 | D:2      | Noticed an angel
  1115 | D:2      | Found a glowing silver altar of Zin.
  1136 | D:2      | Reached ** piety under Lugonu
  1275 | D:2      | Found a basalt altar of Yredelemnul.
  1475 | D:3      | Killed from afar by an orc priest

Vault maps used:
D:1:      minmay_arrival_radiant_lines
D:2:      zin_angel, overflow_temple_1_default,
          yredelemnul_forgotten_temple_becter, uniq_sigmund
D:3:      glass_columns_b, minmay_misc_feat_columns

Skill      XL: |  1  2  3  4  5 |
---------------+----------------+-----
Fighting       | 4 5 |  5.6
Axes           | 3 4 |  4.1
Invocations    | 2 |  2.3
Armour         | 3 |  3.6
Dodging        | 2 |  2.0

Action                   |  1- 3 |  4- 6 || total
-------------------------+-------+-------++-------
Melee: Hand axe          |    62 |    37 ||    99
       Headbutt          |     9 |     7 ||    16
Invok: Depart the Abyss  |     1 |       ||     1
  Use: Scroll            |       |     5 ||     5
       Potion            |       |     1 ||     1
  Eat: Chunk             |       |     2 ||     2
Armor: Leather armour    |    15 |       ||    15
       Scale mail        |     2 |    10 ||    12
       Skin              |       |     5 ||     5
Dodge: Dodged            |    44 |    15 ||    59

Table legend:
 A = Non-vault XP
 B = Vault XP
 C = Vault XP percentage of total XP
 D = Non-vault monster count
 E = Vault monster count
 F = Vault count percentage of total count
                 A         B        C        D         E       F
            +---------+---------+-------+---------+---------+-------
      Total |      98 |     209 |  68.1 |      45 |       2 |   4.3
            +---------+---------+-------+---------+---------+-------
        D:1 |      51 |       0 |   0.0 |      26 |       0 |   0.0
        D:2 |      29 |     209 |  87.8 |      11 |       2 |  15.4
        D:3 |      18 |       0 |   0.0 |       8 |       0 |   0.0
            +---------+---------+-------+---------+---------+-------
